 Dungeon Crawl Stone Soup version 0.30-a0-605-gb2882149bf (webtiles) character file.

Game seed: 12539792655559725949

167 acebull12 the Grave Robber (level 5, 0/34 (35) HPs)
             Began as a Demonspawn Necromancer on Jan 7, 2023.
             Slain by a gnoll
             ... wielding a +0 flail of draining
              (1 damage)
             ... on level 4 of the Dungeon.
             The game lasted 00:09:32 (2886 turns).

acebull12 the Grave Robber (Demonspawn Necromancer) Turns: 2886, Time: 00:09:33

HP:   0/34 (35)     AC:  3    Str:  8    XL:     5   Next: 23%
MP:   10/10         EV: 12    Int: 18    God:
Gold: 77            SH:  0    Dex: 14    Spells: 8/11 levels left

rFire   . . .      SeeInvis .    g - +4 dagger
rCold   + . .      Faith    .    (no shield)
rNeg    . . .      Spirit   .    a - +0 robe
rPois   .          Reflect  .    t - +0 helmet
rElec   .          Harm     .    d - scarf {shadows}
rCorr   .          Rampage  .    (no gloves)
Will    .....                    (no boots)
Stlth   ++                       (no amulet)
HPRegen 0.25/turn                u - ring of protection from cold
MPRegen 0.12/turn                (no ring)

@: weak-willed, lightly drained
A: claws 2, ignite blood 1
a: no special abilities


You were on level 4 of the Dungeon.
You visited 1 branch of the dungeon, and saw 5 of its levels.

You collected 77 gold pieces.

Inventory:

Hand Weapons
 g - a +4 dagger (weapon)
Armour
 a - a +0 robe (worn)
 d - a scarf of shadows (worn)
 h - an orb of wrath
 t - a +0 helmet (worn)
Jewellery
 n - an amulet of faith
 u - a ring of protection from cold (left claw)
Wands
 q - a wand of mindburst (12)
Scrolls
 e - a scroll of vulnerability
 f - 2 scrolls of amnesia
 i - a scroll of noise
 j - 2 scrolls of identify {unknown}
 k - a scroll of fear {unknown}
 r - a scroll of enchant armour {unknown}
 v - a scroll of immolation {unknown}
Potions
 b - a potion of magic
 c - a potion of heal wounds {unknown}
 l - a potion of berserk rage {unknown}
 m - 2 potions of degeneration {unknown}
 o - 3 potions of curing {unknown}
 p - a potion of might {unknown}
 s - 2 potions of mutation {unknown}


   Skills:
 * Level 0.1 Fighting
 + Level 0.1 Short Blades
 + Level 2.1 Dodging
 + Level 2.0 Stealth
 * Level 3.7 Spellcasting
 * Level 5.6 Necromancy
 * Level 0.2 Translocations


You had 8 spell levels left.
You knew the following spells:

 Your Spells              Type           Power      Damage    Failure   Level
a - Necrotise             Necr           92%        1d8       1%          1
b - Blink                 Tloc           8%         N/A       22%         2

Your spell library contained the following spells:

 Spells                   Type           Power      Damage    Failure   Level
 Vampiric Draining        Necr           23%        2d7       4%          3
 Animate Dead             Necr           23%        N/A       14%         4
 Momentum Strike          Conj/Tloc      6%         3d8       22%         2
 Lesser Beckoning         Tloc           8%         N/A       38%         3
 Agony                    Necr           23%        N/A       38%         5


Dungeon Overview and Level Annotations

Branches:
Dungeon (5/15)
 Temple: D:4-7

Altars:
Fedhas
Makhleb
Vehumet


Innate Abilities, Weirdness & Mutations

You have very sharp fingernails.
Your demonic aura sometimes causes spilled blood to erupt in flames.


Message History

The hound is heavily wounded.
The hound barely misses you.
You hit the hound.
The hound is severely wounded.
The hound bites you. The hound closely misses you.
You hit the hound.
The hound is almost dead.
The hound bites you but does no damage.
You hit the hound.
You kill the hound!
Your Stealth skill increases to level 2!
Found a human corpse.
You see here a human corpse.
A gnoll comes into view.
It is wielding a +0 flail of draining. 2 gnolls come into view.
The gnoll shouts!
The gnoll shouts!
You hear a shout!
The gnoll attacks as you move away! The gnoll barely misses you.
The gnoll attacks as you move away! The gnoll hits you with a +0 flail!
The gnoll attacks as you move away! The gnoll hits you with a +0 flail!
The gnoll attacks as you move away! The gnoll barely misses you.
As you read the scroll labelled XUOMILAIKISCH, it crumbles to dust.
It is a scroll of amnesia.
Really abort (and waste the scroll)? [Y]es or [N]o only, please.
Really abort (and waste the scroll)?
Okay, then.
The gnoll hits you with a +0 flail!
* * * LOW HITPOINT WARNING * * *
As you read the scroll labelled ADUODWULIG, it crumbles to dust.
Magic quickly surges around you.
It was a scroll of vulnerability.
The gnoll barely misses you.
As you read the scroll labelled PUBUOZ PICICSI, it crumbles to dust.
You hear a loud clanging noise!
It was a scroll of noise.
The gnoll hits you with a +0 flail.
* * * LOW HITPOINT WARNING * * *
The gnoll hits you with a +0 flail of draining.
* * * LOW HITPOINT WARNING * * *
You feel drained.
You die...

######## .#......#
.....g#.# #.....#.# #
#....#.#####.## #
#.g...g@...# #.
###.#.g.....# .###
#.#.###.#.# ..# ..#.#
#.#.# #.# ####.#
#.#.## #.# #.# #....#
#.# #.###.#..# #.. ##
##.##.....#########..
##∩##
##....................


You could see 3 gnolls.

Vanquished Creatures
  A hound (D:4)
  Jessica (D:3)
  4 adders
  An ufetubus (D:5)
  A worm (D:3)
  4 dart slugs
  An orc (D:3)
  4 endoplasms
  2 giant cockroaches (D:1)
  4 goblins (D:1)
  5 hobgoblins
  4 jackals (D:1)
  5 quokkas
  4 ball pythons
  2 bats
  3 frilled lizards
  5 kobolds
  2 rats
53 creatures vanquished.

Vanquished Creatures (collateral kills)
  A dart slug (D:2)
  A quokka (D:2)
2 creatures vanquished.

Grand Total: 55 creatures vanquished

Notes
Turn   | Place    | Note
-------+----------+-------------------------------------------
     0 | D:1      | acebull12 the Demonspawn Necromancer began the quest for
                  | the Orb.
     0 | D:1      | Reached XP level 1. HP: 13/13 MP: 3/3
   275 | D:1      | Gained mutation: You have sharp fingernails. [demonic
                  | ancestry]
   275 | D:1      | Reached XP level 2. HP: 19/19 MP: 3/5
   385 | D:1      | Reached skill level 5 in Necromancy
   686 | D:1      | Gained mutation: You have very sharp fingernails. [demonic
                  | ancestry]
   686 | D:1      | Reached XP level 3. HP: 24/24 MP: 3/6
  1771 | D:2      | Reached XP level 4. HP: 29/30 MP: 5/8
  2015 | D:3      | Found a radiant altar of Vehumet.
  2016 | D:3      | Found a blossoming altar of Fedhas.
  2048 | D:3      | Noticed Jessica
  2053 | D:3      | Killed Jessica
  2297 | D:3      | Learned a level 2 spell: Blink
  2447 | D:3      | You fall into a shaft and drop 2 floors!
  2447 | D:5      | Entered Level 5 of the Dungeon
  2793 | D:4      | Gained mutation: Your demonic aura sometimes causes spilled
                  | blood to erupt in flames. [demonic ancestry]
  2793 | D:4      | Reached XP level 5. HP: 30/35 MP: 10/10
  2848 | D:4      | Found a burning altar of Makhleb.
  2886 | D:4      | HP: 1/35 [gnoll/+0 flail of draining (4)]
  2886 | D:4      | Slain by a gnoll

Illustrated notes

Levels and vault maps discovered:
D:1:      minmay_arrival_split_and_join, layout_loops_corners
D:2:      layout_rooms, minmay_misc_feat_alley
D:3:      layout_loops_cross, mainiacjoe_overflow_divided_tiny,
          minmay_crystal_room, kennysheep_generic_room_14, uniq_jessica
D:4:      minmay_general_purpose_star, layout_loops_corners,
          general_overflow_altar, makhleb_blood_cavern_becter,
          grunt_gozag_statues, minmay_splitting_lines, uniq_sigmund,
          uniq_menkaure
D:5:      layout_gridville, kennysheep_orc_sif_temple, lemuel_crystal_altar

Skill      XL: |  1  2  3  4  5 |
---------------+----------------+-----
Necromancy     | 5 |  5.6
Dodging        | 2 |  2.1
Spellcasting   | 3 |  3.7
Stealth        | 2 |  2.0
Fighting       | |  0.1
Short Blades   | |  0.1
Translocations | |  0.2

Action                   |  1- 3 |  4- 6 || total
-------------------------+-------+-------++-------
Melee: Short sword       |     9 |       ||     9
       Dagger            |     8 |    34 ||    42
 Cast: Necrotise         |    60 |    21 ||    81
  Use: Scroll            |       |     3 ||     3
 Stab: Sleeping          |       |     1 ||     1
Armor: Robe              |     2 |    14 ||    16
Dodge: Dodged            |    12 |    44 ||    56

Table legend: (Time is in decaauts)
 A = Elapsed time spent in this place.
 B = Non-inter-level travel time spent in this place.
 C = Inter-level travel time spent in this place.
 D = Time resting spent in this place.
 E = Time spent auto-exploring this place.
 F = Levels seen in this place.
 G = Mean time per level.
                   A        B        C        D        E       F      G
               +--------+--------+--------+--------+--------+-----+--------+
         Total |   2884 |   2674 |    210 |    197 |   1964 |   5 |  576.8 |
       Dungeon |   2884 |   2674 |    210 |    197 |   1964 |   5 |  576.8 |
               +--------+--------+--------+--------+--------+-----+--------+

Top non-repeatable levels by time:
     D:1: 1368 daAuts
     D:3: 564 daAuts
     D:2: 513 daAuts
     D:5: 296 daAuts
     D:4: 141 daAuts
